 Dungeon Sprint DCSS version 0.28-a0-1374-ga75cb3825e (webtiles) character file.

Game seed: 9760805512719909901

140030 mhtbhm the Swordmaster (level 16, 183/183 HPs)
             Began as a Yellow Draconian Berserker on Dec 31, 2021.
             Was the Champion of Trog.
             Quit the game in the Dungeon (Sprint III: "The Ten Rune Challenge") on Jan 1, 2022.
             The game lasted 00:36:28 (16183 turns).

mhtbhm the Swordmaster (DrBe)                      Turns: 16183, Time: 00:36:28

Health: 183/183    AC: 15    Str: 34    XL:     16   Next: 10%
Magic:  16/16      EV: 24    Int:  9    God:    Trog [******]
Gold:   1194       SH:  0    Dex: 10    Spells: 15/15 levels left

rFire   . . .      SeeInvis .   w - +6 triple sword (holy)
rCold   + + .      Faith    +   (shield currently unavailable)
rNeg    . . .      Spirit   .   (armour unavailable)
rPois   .          Reflect  .   B - +2 hat
rElec   +          Harm     .   i - +1 cloak
rCorr   +          Rampage  .   k - +1 pair of gloves {Stlth+}
Will    +....      NoTele   +   (no boots)
Stlth   +++++++++.              s - amulet "Dufi Qea" {Faith rElec rC++ rCorr Str+2 Dex-5}
HPRegen 0.40/turn               G - +4 ring of evasion
MPRegen 0.15/turn               p - ring "Inog" {Str+6 Dex+4}

@: studying 2 skills
A: spit acid, AC +9, unfitting armour, acidic bite, cold-blooded, acid
resistance, sense surroundings 1
}: 2/10 runes: serpentine, barnacled
a: Breathe Acid, Renounce Religion, Berserk, Trog's Hand, Brothers in Arms


You were in the Dungeon.
You worshipped Trog.
Trog was exalted by your worship.
You visited 1 branch You collected 3073 gold pieces.
You spent 1879 gold pieces at shops.

Inventory:

Hand Weapons
 a - a +7 triple sword of flaming
 r - a +8 scimitar
 w - a +6 triple sword of holy wrath (weapon)
 y - a +9 demon blade of flaming
 H - the +5 sword of Power {vorpal}
   (You found it in the Dungeon)

   It inflicts extra damage upon your enemies.
   It occasionally discharges a powerful but inaccurate bolt of energy upon
   striking a foe, with increased chance the greater the wielder's current
   health.
 O - a +5 sacred scourge of holy wrath
 R - the +7 great mace "Firestarter" {inner flame, rF++}
   (You took it off a deep elf death mage in the Dungeon)

   It burns those it strikes, dealing additional fire damage.
   It fills those it strikes with an explosive inner flame.
   It grants immunity to clouds of flame.
   rF:        It greatly protects you from fire.
Missiles
 D - 6 javelins
 E - 10 datura-tipped darts
 S - 3 curare-tipped darts (quivered)
Armour
 i - a +1 cloak (worn)
 k - a +1 pair of gloves of stealth (worn)
 B - a +2 hat (worn)
 J - a +1 tower shield of reflection
 P - a +0 tower shield
Jewellery
 h - an amulet of guardian spirit
 l - a ring of positive energy
 p - the ring "Inog" (right hand) {Str+6 Dex+4}
   (You found it in the Dungeon)

   [ring of strength]

   Str:       It affects your strength (+6).
   Dex:       It affects your dexterity (+4).
 s - the amulet "Dufi Qea" (around neck) {Faith rElec rC++ rCorr Str+2 Dex-5}
   (You found it in the Dungeon)

   [amulet of faith]

   It allows you to gain divine favour quickly.
   Str:       It affects your strength (+2).
   Dex:       It affects your dexterity (-5).
   rC:        It greatly protects you from cold.
   rElec:     It insulates you from electricity.
   rCorr:     It protects you from acid and corrosion.
 G - a +4 ring of evasion (left hand)
 L - an amulet of magic regeneration
Wands
 g - a wand of flame (10)
 z - a wand of acid (6)
 C - a wand of charming (11)
 K - a wand of polymorph (5)
Scrolls
 j - 2 scrolls of torment
 m - a scroll of immolation
 t - 2 scrolls of enchant armour
 u - 7 scrolls of amnesia
 v - 2 scrolls of fear
 x - a scroll of brand weapon
 T - a scroll of silence {unknown}
Potions
 b - 3 potions of curing
 c - a potion of heal wounds
 d - 8 potions of haste
 e - 2 potions of magic
 f - 4 potions of berserk rage
 n - 2 potions of mutation
 o - 2 potions of might
 A - a potion of cancellation
 M - a potion of ambrosia {unknown}
 N - 2 potions of brilliance {unknown}
 Q - a potion of lignification {unknown}
Miscellaneous
 q - a phial of floods
 F - a lightning rod (4/4)
 I - a piece from Xom's chessboard (15/15)


   Skills:
 O Level 27 Fighting
 O Level 27 Long Blades
 + Level 4.9 Throwing
 + Level 22.9 Dodging
 + Level 22.0 Stealth
 + Level 2.0 Evocations


You had 15 spell levels left.
You didn't know any spells.
Your spell library was empty.

Dungeon Overview and Level Annotations

Branches:
Dungeon (1/1)

Altars:
Cheibriados
Dithmenos
Elyvilon
Fedhas
Gozag
Hepliaklqana
Kikubaaqudgha
Makhleb
Nemelex Xobeh
Okawaru
Qazlal
Ru
Sif Muna
Trog
Uskayaw
Vehumet
Wu Jian
Xom
Yredelemnul
Zin
The Shining One
Beogh
Jiyva
Lugonu

Shops:
D [=!:[=?!![!!=![:!(!=:??


Innate Abilities, Weirdness & Mutations

You can spit globs of acid.
Your golden yellow scales are hard. (AC +9)
You cannot fit into any form of body armour.
You have acidic saliva.
You are cold-blooded and may be slowed by cold attacks.
You are resistant to acid. (rCorr)
You passively map a small area around you.


Message History

a +1 plate armour of fire resistance; a book of Chaos
Things that are here:
30 arrows; a +0 longbow; a +1 chain mail of poison resistance
Things that are here:
a +2 robe of poison resistance; a +9 long sword Why would you want to do that?
Why would you want to do that?
Things that are here:
30 arrows; a +0 longbow; a +1 chain mail of poison resistance
Things that are here:
a +2 robe of poison resistance; a +9 long sword
Things that are here:
30 arrows; a +0 longbow; a +1 chain mail of poison resistance
There is an open door here.
Things that are here:
a +0 robe of cold resistance; a ring of resist corrosion; the +9 flail "Ludell" {speed, MP+9}
Things that are here:
a +0 robe of cold resistance; a +4 quarterstaff of draining
Things that are here:
a +0 robe of cold resistance; a ring of resist corrosion; the +9 flail "Ludell" {speed, MP+9}
There is an open door here.
There is an open door here.
You see here a +1 robe of cold resistance.
Things that are here:
a +0 robe of poison resistance; a +0 trident of flaming
Things that are here:
a +0 robe of poison resistance; a +0 trident of flaming You see here a +1 robe of cold resistance.
Okay, then.
There is an open door here.
You feel stronger.
You feel agile.
p - the ring "Inog" (right hand) {Str+6 Dex+4} Unknown command.
Welcome back, mhtbhm the Yellow Draconian Berserker.
Trog says: Kill them all!
Press ? for a list of commands and other information.
Welcome back, mhtbhm the Yellow Draconian Berserker.
Trog says: Kill them all!
Press ? for a list of commands and other information.
Are you sure you want to abandon this character and quit the game? (Confirm with "yes".)

▓▓▓
..######################*********
#...'.#...##[.[.'....[[#*,,,,,,,,
....#.#...##≈≈≈≈##..##.#*,,,,,,,,
...##.#)..≈≈≈[(.@....#.#*,,,,,,,,
..###.#)..##≈≈≈≈##..##|#*,,,,,,,,
#.#.#.))..##.[[.'....[[#*,,,,,,,,
##..####################*,,,,,,,,
######################***,,,,,,,,
.#.'...'.#.#.#)'...≈≈#,**,,,,,,,,
)#.#...##.#.#.##...≈≈#**#########
.#.#)(.#.#.#.#.#...≈≈≈≈##.......'
...#...##.#.#.##...≈≈≈≈##.#######


There were no monsters in sight!

Vanquished Creatures
  Mennas (D)
  Mara (D)
  Boris (D)
  Frederick (D)
  Sigmund (D)
  Nikola (D)
  3 bone dragons (D)
  Rupert (D)
  A lich (D)
  A kraken (D)
  A deep elf master archer (D)
  2 sphinxes (D)
  An ancient champion (D)
  Gastronok (D)
  Roxanne (D)
  Chuck (D)
  A storm dragon (D)
  2 shadow dragons (D)
  4 azure jellies (D)
  A nagaraja (D)
  A draconian knight (D)
  2 ghost moths (D)
  4 vampire knights (D)
  A deep elf demonologist (D)
  Azrael (D)
  2 dire elephants (D)
  4 yaktaur captains (D)
  2 deep elf death magi (D)
  3 mummy priests (D)
  A fire dragon (D)
  Josephine (D)
  A naga warrior (D)
  2 hydras (D)
  2 hell beasts (D)
  An ogre mage (D)
  2 centaur warriors (D)
  2 alligator snapping turtles (D)
  2 anacondas (D)
  4 dancing weapons (D)
  4 death yaks (D)
  Urug (D)
  2 sun demons (D)
  2 deep elf knights (D)
  2 soul eaters (D)
  5 skeletal warriors (D)
  A shadow wraith (D)
  A goliath frog (shapeshifter) (D)
  A spectral iron dragon (D)
  A death drake (D)
  A spriggan druid (D)
  A steelbarb worm (shapeshifter) (D)
  A swamp dragon (shapeshifter) (D)
  2 anaconda zombies (D)
  A golden dragon zombie (D)
  2 obsidian statues (D)
  A lindwurm (D)
  A mana viper (shapeshifter) (D)
  2 deep elf zephyrmancers (D)
  An ugly thing (D)
  5 deep elf pyromancers (D)
  4 crystal guardians (D)
  2 oklob plants (D)
  A moth of wrath (shapeshifter) (D)
  6 black mambas (D)
  2 elephants (D)
  A water nymph (shapeshifter) (D)
  A guardian serpent (D)
  8 statues (D)
  A stone giant skeleton (D)
  An unseen horror (D)
  A molten gargoyle (D)
  Edmund (D)
  2 cane toads (D)
  A rime drake (D)
  A komodo dragon (D)
  A yaktaur (D)
  9 guardian mummies (D)
  2 ice devils (D)
  2 tyrant leeches (D)
  4 spriggan defenders (D)
  A queen bee (D)
  3 wandering mushrooms (D)
  8 blink frogs (D)
  3 hornets (D)
  11 slime creatures (D)
  4 snapping turtles (D)
  2 spriggans (D)
  A shadow (D)
  A culicivora (shapeshifter) (D)
  3 redbacks (D)
  A spatial vortex (D)
  3 iron troll simulacra (D)
  2 nagas (D)
  A floating eye (shapeshifter) (D)
  7 water moccasins (D)
  A swamp drake (D)
  A necrophage (D)
  2 black mamba simulacra (D)
  2 centaurs (D)
  An earth elemental (D)
  A water elemental (D)
  32 killer bees (D)
  5 electric eels (D)
  4 orc priests (D)
  A jelly (D)
  Crazy Yiuf (D)
  A wizard (D)
  3 necromancers (D)
  2 wolf simulacra (D)
  3 humans (D)
  A kobold demonologist (D)
  4 adders (D)
  An adder zombie (D)
  An orc (D)
  A bat zombie (D)
  An endoplasm (D)
  A ball python simulacrum (D)
  3 rats (D)
  A ball lightning (D)
  A ballistomycete spore (D)
  3 bushes (D)
  4 plants (D)
  5 tentacles (D)
292 creatures vanquished.

Vanquished Creatures (collateral kills)
  A deep elf annihilator (D)
  A mummy priest (D)
  A vault guard (D)
  An orc high priest (D)
  3 orc knights (D)
  A deep elf pyromancer (D)
  An orc sorcerer (D)
  An orc warrior (D)
  An orc priest (D)
  9 orc wizards (D)
  2 orcs (D)
22 creatures vanquished.

Vanquished Creatures (others)
  2 ball lightnings (D)
  4 ballistomycete spores (D)
  3 bushes (D)
  3 fungi (D)
  17 plants (D)
  10 tentacles (D)
39 creatures vanquished.

Grand Total: 353 creatures vanquished

Notes
Turn   | Place    | Note
-------+----------+-------------------------------------------
     0 | D        | mhtbhm the Draconian Berserker began the quest for the Orb.
     0 | D        | Reached XP level 1. HP: 19/19 MP: 1/1
    45 | D        | Reached ** piety under Trog
   102 | D        | Reached skill level 5 in Fighting
   102 | D        | Reached XP level 2. HP: 29/29 MP: 2/2
   174 | D        | Noticed Crazy Yiuf
   179 | D        | Killed Crazy Yiuf
   180 | D        | Reached skill level 5 in Long Blades
   180 | D        | Reached XP level 3. HP: 37/37 MP: 3/3
   261 | D        | Noticed a water elemental
   266 | D        | Killed a water elemental
   267 | D        | Reached skill level 5 in Dodging
   267 | D        | Reached XP level 4. HP: 31/45 MP: 1/4
   420 | D        | Found a radiant altar of Vehumet.
   420 | D        | Found a shimmering blue altar of Sif Muna.
   420 | D        | Found an ancient bone altar of Kikubaaqudgha.
   420 | D        | Noticed a wizard
   422 | D        | Noticed a sixfirhy
   422 | D        | Killed a wizard
   422 | D        | Reached *** piety under Trog
   423 | D        | Reached XP level 5. HP: 52/52 MP: 5/5
   539 | D        | Found a basalt altar of Yredelemnul.
   539 | D        | Found a shadowy altar of Dithmenos.
   539 | D        | Found a sacrificial altar of Ru.
   539 | D        | Noticed a necrophage
   546 | D        | Killed a necrophage
   547 | D        | Reached skill level 1 in Stealth
   550 | D        | Reached **** piety under Trog
   551 | D        | Reached XP level 6. HP: 45/62 MP: 2/6
   702 | D        | Found a glowing silver altar of Zin.
   702 | D        | Found a glowing golden altar of the Shining One.
   702 | D        | Found a white marble altar of Elyvilon.
   703 | D        | Noticed a deep elf pyromancer
   711 | D        | Killed a deep elf pyromancer
   712 | D        | Reached skill level 10 in Fighting
   712 | D        | Reached skill level 10 in Long Blades
   712 | D        | Your scales start taking on a golden yellow colour.
   712 | D        | Reached XP level 7. HP: 66/73 MP: 3/7
   712 | D        | Gained mutation: You are resistant to acid. (rCorr) [Yellow
                  | Draconian growth]
   843 | D        | Found a hide-covered altar of Uskayaw.
   843 | D        | Found an iron altar of Okawaru.
   843 | D        | Found a bloodstained altar of Trog.
   843 | D        | Found an ornate altar of the Wu Jian Council.
   843 | D        | Noticed a human
   847 | D        | Noticed a human
   849 | D        | Killed a human
   852 | D        | Killed a human
   852 | D        | Reached ***** piety under Trog
   943 | D        | Noticed a shadow
   947 | D        | Killed a shadow
   948 | D        | Reached XP level 8. HP: 79/82 MP: 8/8
   961 | D        | Found a blossoming altar of Fedhas.
   961 | D        | Found a stormy altar of Qazlal.
   961 | D        | Found a snail-covered altar of Cheibriados.
   961 | D        | Found a burning altar of Makhleb.
   961 | D        | Found a shimmering altar of Xom.
   962 | D        | Found a hazy altar of Hepliaklqana.
   962 | D        | Found an opulent altar of Gozag.
   962 | D        | Found a sparkling altar of Nemelex Xobeh.
   962 | D        | Found a corrupted altar of Lugonu.
   962 | D        | Found a viscous altar of Jiyva.
  1028 | D        | Noticed Josephine
  1039 | D        | Killed Josephine
  1153 | D        | Received a gift from Trog
  1154 | D        | Reached XP level 9. HP: 20/91 MP: 2/9
  1452 | D        | Noticed an orc high priest
  1453 | D        | Noticed an orc knight
  1453 | D        | Noticed an orc sorcerer
  1453 | D        | Noticed an orc knight
  1455 | D        | Noticed a rust devil
  1457 | D        | Reached skill level 10 in Dodging
  1457 | D        | Killed an orc sorcerer
  1459 | D        | Killed an orc high priest
  1464 | D        | Killed an orc knight
  1465 | D        | Reached skill level 15 in Long Blades
  1465 | D        | Reached ****** piety under Trog
  1465 | D        | Received a gift from Trog
  1468 | D        | Killed an orc knight
  1469 | D        | Reached XP level 10. HP: 96/103 MP: 10/10
  1473 | D        | Received a gift from Trog
  1478 | D        | Found Teset's Book Emporium.
  1562 | D        | Noticed a deep elf zephyrmancer
  1562 | D        | Noticed a deep elf pyromancer
  1562 | D        | Noticed a deep elf pyromancer
  1562 | D        | Noticed a deep elf pyromancer
  1562 | D        | Noticed a deep elf zephyrmancer
  1572 | D        | Killed a deep elf zephyrmancer
  1575 | D        | Killed a deep elf pyromancer
  1581 | D        | Killed a deep elf zephyrmancer
  1583 | D        | Noticed a deep elf pyromancer
  1585 | D        | Killed a deep elf pyromancer
  1586 | D        | Reached skill level 15 in Fighting
  1590 | D        | Noticed a deep elf death mage
  1593 | D        | Killed a deep elf pyromancer
  1593 | D        | Received a gift from Trog
  1596 | D        | Noticed a deep elf annihilator
  1596 | D        | Noticed a deep elf demonologist
  1601 | D        | Noticed a deep elf pyromancer
  1770 | D        | Noticed a centaur warrior
  1775 | D        | Killed a centaur warrior
  1776 | D        | Reached skill level 5 in Stealth
  1894 | D        | Received a gift from Trog
  1912 | D        | Reached XP level 11. HP: 97/114 MP: 11/11
  1993 | D        | Noticed Sigmund
  1993 | D        | Noticed Edmund
  2002 | D        | Killed Edmund
  2003 | D        | Killed Sigmund
  2135 | D        | Received a gift from Trog
  2204 | D        | Noticed an obsidian statue
  2220 | D        | Killed an obsidian statue
  2286 | D        | Found Kitiotz's Distillery.
  2286 | D        | Found Jimois's Distillery.
  2286 | D        | Found Pusyig's Magic Scroll Shoppe.
  2286 | D        | Found Zater's Book Boutique.
  2286 | D        | Found Isohului's Antique Weapon Emporium.
  2286 | D        | Found Daghonu's Magic Scroll Shop.
  2286 | D        | Found Quuqeaco's Book Emporium.
  2286 | D        | Found Ufasinki's Jewellery Boutique.
  2287 | D        | Found Zyilait's Antique Armour Boutique.
  2287 | D        | Found Ceisch's Distillery.
  2287 | D        | Found Fuoghuk's Jewellery Emporium.
  2336 | D        | Bought a scroll of enchant armour for 97 gold pieces
  2336 | D        | Bought a scroll of magic mapping for 45 gold pieces
  2336 | D        | Bought a scroll of fear for 45 gold pieces
  2348 | D        | Bought a pair of crude gloves for 209 gold pieces
  2348 | D        | Identified the -3 pair of gloves of Card Tricks {Drain
                  | +Blink Will+ Dex+4} (You bought it in a shop in the
                  | Dungeon)
  2350 | D        | Bought a potion of invisibility for 96 gold pieces
  2351 | D        | Bought a potion of curing for 30 gold pieces
  2351 | D        | Bought a potion of haste for 100 gold pieces
  2351 | D        | Bought a potion of heal wounds for 50 gold pieces
  2351 | D        | Bought a potion of haste for 100 gold pieces
  2352 | D        | Bought a scroll of brand weapon for 240 gold pieces
  2370 | D        | Bought a potion of flight for 36 gold pieces
  2370 | D        | Bought a potion of curing for 36 gold pieces
  2370 | D        | Bought a potion of resistance for 120 gold pieces
  2374 | D        | Bought a potion of flight for 42 gold pieces
  2374 | D        | Bought a potion of haste for 140 gold pieces
  2374 | D        | Bought a potion of might for 56 gold pieces
  2448 | D        | Received a gift from Trog
  2464 | D        | Received a gift from Trog
  2502 | D        | Received a gift from Trog
  2542 | D        | Received a gift from Trog
  2948 | D        | Received a gift from Trog
  3015 | D        | Noticed Rupert
  3022 | D        | Killed Rupert
  3023 | D        | Reached XP level 12. HP: 127/127 MP: 12/12
  3130 | D        | Noticed an azure jelly
  3130 | D        | Noticed an azure jelly
  3130 | D        | Noticed an azure jelly
  3130 | D        | Noticed an azure jelly
  3132 | D        | Noticed a dire elephant
  3132 | D        | Noticed a dire elephant
  3132 | D        | Noticed Gastronok
  3137 | D        | Killed a dire elephant
  3141 | D        | Killed a dire elephant
  3142 | D        | Reached skill level 1 in Throwing
  3150 | D        | Received a gift from Trog
  3154 | D        | Killed Gastronok
  3219 | D        | Killed an azure jelly
  3223 | D        | Killed an azure jelly
  3226 | D        | Killed an azure jelly
  3226 | D        | Received a gift from Trog
  3240 | D        | Killed an azure jelly
  3645 | D        | Noticed a death yak
  3646 | D        | Noticed a death yak
  3651 | D        | Noticed a death yak
  3655 | D        | Killed a death yak
  3656 | D        | Noticed a death yak
  3661 | D        | Killed a death yak
  3663 | D        | Killed a death yak
  3665 | D        | Killed a death yak
  3665 | D        | Received a gift from Trog
  3666 | D        | Reached skill level 15 in Dodging
  4004 | D        | Noticed an anaconda
  4016 | D        | Killed an anaconda
  4019 | D        | Received a gift from Trog
  4020 | D        | Reached XP level 13. HP: 139/139 MP: 9/13
  4125 | D        | Received a gift from Trog
  4199 | D        | Received a gift from Trog
  4231 | D        | Noticed a nagaraja
  4233 | D        | Found Vafocs's Antique Armour Boutique.
  4233 | D        | Found Coet's Jewellery Emporium.
  4239 | D        | Killed a nagaraja
  4244 | D        | Found Feera's Distillery.
  4405 | D        | Received a gift from Trog
  4411 | D        | Got a serpentine rune of Zot
  4689 | D        | Received a gift from Trog
  4697 | D        | Noticed Urug
  4700 | D        | Killed Urug
  5142 | D        | Found a blossoming altar of Fedhas.
  5150 | D        | Received a gift from Trog
  5439 | D        | Killed a ghost moth
  5628 | D        | Noticed a kraken
  6056 | D        | Identified the +7 war axe "Zentizudd" {spect, rPois rF+
                  | Dex+4}
  6170 | D        | Received a gift from Trog
  6216 | D        | Noticed a fire dragon
  6227 | D        | Killed a fire dragon
  6252 | D        | Found the +5 sword of Power {vorpal}
  6306 | D        | Received a gift from Trog
  6506 | D        | Noticed an ettin
  6506 | D        | a torpor snail changed into an ettin
  6507 | D        | an ettin changed into an anaconda
  6846 | D        | Reached skill level 10 in Stealth
  6846 | D        | Reached skill level 1 in Evocations
  6846 | D        | Identified the +4 great sword of Perversion {vorpal, rPois
                  | rC- Will++} (Trog gifted it to you in the Dungeon)
  6846 | D        | Received a gift from Trog
  6933 | D        | Noticed a vampire knight
  6940 | D        | Killed a vampire knight
  7095 | D        | Noticed a bone dragon
  7102 | D        | Killed a bone dragon
  7102 | D        | Received a gift from Trog
  7103 | D        | Gained mutation: You have acidic saliva. [Yellow Draconian
                  | growth]
  7103 | D        | Reached XP level 14. HP: 125/157 MP: 10/14
  7275 | D        | Noticed a bone dragon
  7284 | D        | Killed a bone dragon
  7336 | D        | Received a gift from Trog
  7403 | D        | Noticed a vampire knight
  7405 | D        | Killed a vampire knight
  7440 | D        | Noticed a bone dragon
  7455 | D        | Killed a bone dragon
  7685 | D        | Received a gift from Trog
  7766 | D        | Noticed Chuck
  7772 | D        | Killed Chuck
  7997 | D        | Noticed Frederick
  8009 | D        | Killed Frederick
  8012 | D        | Received a gift from Trog
  8083 | D        | Noticed a lich
  8089 | D        | Killed a lich
  8256 | D        | Noticed a sphinx
  8256 | D        | Noticed a sphinx
  8260 | D        | Paralysed by a sphinx for 6 turns
  8270 | D        | Killed a sphinx
  8274 | D        | Killed a sphinx
  8274 | D        | Received a gift from Trog
  8429 | D        | Received a gift from Trog
  9294 | D        | Received a gift from Trog
  9399 | D        | Noticed Boris
  9419 | D        | Killed Boris
  9419 | D        | Identified the +2 great sword of the Mosquito {flame, rN+
                  | Stlth+} (Trog gifted it to you in the Dungeon)
  9419 | D        | Received a gift from Trog
  9717 | D        | Reached skill level 15 in Stealth
  9764 | D        | Found Harghaps's Distillery.
  9764 | D        | Found Kuazxeul's Distillery.
  9764 | D        | Found Bouxkaes's Armour Shop.
  9764 | D        | Found Sutyqung's Distillery.
  9770 | D        | Received a gift from Trog
  9774 | D        | Reached XP level 15. HP: 171/171 MP: 13/15
  9909 | D        | Noticed Roxanne
  9924 | D        | Killed Roxanne
 10124 | D        | Found Ubbikkerghia's Distillery.
 10131 | D        | Reached skill level 27 in Long Blades
 10143 | D        | Bought a potion of might for 48 gold pieces
 10570 | D        | Noticed Azrael
 10574 | D        | Killed Azrael
 10574 | D        | Received a gift from Trog
 10939 | D        | Killed a ghost moth
 11190 | D        | Reached skill level 27 in Fighting
 11538 | D        | Killed a kraken
 11582 | D        | Found Fiuceg's Magic Scroll Boutique.
 11582 | D        | Found Nyim's Jewellery Shop.
 11582 | D        | Found Vuat's Antique Armour Emporium.
 11839 | D        | Received a gift from Trog
 11843 | D        | Got a barnacled rune of Zot
 11849 | D        | Bought 3 scrolls of enchant weapon for 292 gold pieces
 11849 | D        | Bought a scroll of enchant armour for 97 gold pieces
 12766 | D        | Received a gift from Trog
 12812 | D        | Noticed a black draconian knight
 12828 | D        | Killed a black draconian knight
 12831 | D        | Received a gift from Trog
 13289 | D        | Noticed Mennas
 13310 | D        | Killed Mennas
 13510 | D        | Received a gift from Trog
 13984 | D        | Noticed Mara
 14000 | D        | Killed Mara
 14077 | D        | Received a gift from Trog
 14198 | D        | Acquired 679 gold pieces
 14203 | D        | Acquired a +0 triple sword of holy wrath
 14276 | D        | Noticed an ancient champion
 14287 | D        | Killed an ancient champion
 14672 | D        | Received a gift from Trog
 14727 | D        | Noticed a storm dragon
 14729 | D        | Noticed Nikola
 14745 | D        | Killed a storm dragon
 14755 | D        | Killed Nikola
 14932 | D        | Received a gift from Trog
 15035 | D        | Received a gift from Trog
 15249 | D        | Noticed a shadow dragon
 15249 | D        | Noticed a shadow dragon
 15255 | D        | Killed a shadow dragon
 15261 | D        | Killed a shadow dragon
 15265 | D        | Received a gift from Trog
 15360 | D        | Reached XP level 16. HP: 183/183 MP: 16/16
 15635 | D        | Identified the +9 flail "Ludell" {speed, MP+9}
 15647 | D        | Noticed a deep elf master archer
 15655 | D        | Received a gift from Trog
 15657 | D        | Killed a deep elf master archer
 15679 | D        | Identified the ring "Inog" {Str+6 Dex+4}
 15679 | D        | Identified the amulet "Dufi Qea" {Faith rElec rC++ rCorr
                  | Str+2 Dex-5}
 16105 | D        | Gained mutation: Your mind is acute. (Int +2) [potion of
                  | mutation]
 16106 | D        | Lost mutation: Your mind is acute. (Int +2) [potion of
                  | mutation]
 16106 | D        | Gained mutation: You have a beak for a mouth. [potion of
                  | mutation]
 16106 | D        | Gained mutation: You are somewhat resistant to further
                  | mutation. [potion of mutation]
 16106 | D        | Gained mutation: You are resistant to electric shocks.
                  | (rElec) [potion of mutation]
 16107 | D        | Lost mutation: You are resistant to electric shocks.
                  | (rElec) [potion of mutation]
 16107 | D        | Lost mutation: You have a beak for a mouth. [potion of
                  | mutation]
 16107 | D        | Gained mutation: You have a pair of small horns on your
                  | head. [potion of mutation]
 16108 | D        | Lost mutation: You have a pair of small horns on your head.
                  | [potion of mutation]
 16108 | D        | Lost mutation: You are somewhat resistant to further
                  | mutation. [potion of mutation]
 16108 | D        | Gained mutation: You passively map a small area around you.
                  | [potion of mutation]
 16183 | D        | Quit the game

Illustrated notes

Levels and vault maps discovered:
D:        dungeon_sprint_mu [sprint_mu_entry_forest, sprint_mu_temple_rooms,
          sprint_mu_d1_horrors, sprint_mu_d2_genie, sprint_mu_d3_branching,
          sprint_mu_orc_legion, sprint_mu_elf_gauntlet, sprint_mu_hive_nellie,
          sprint_mu_lair_fedhas, sprint_mu_vaults_butterflies,
          sprint_mu_slime_circle, sprint_mu_shoals_kraken,
          sprint_mu_snake_twists, sprint_mu_blade_basic,
          sprint_mu_crypt_chambers, sprint_mu_tomb_spiral,
          sprint_mu_vestibule_basic, sprint_mu_gehenna_hellfire,
          sprint_mu_dis_giant, sprint_mu_tartarus_statrot,
          sprint_mu_cocytus_islands, sprint_mu_zot1]

Skill      XL: |  1  2  3  4  5  6  7  8  9 10 11 12 13 14 15 16 |
---------------+-------------------------------------------------+-----
Fighting       | 5 6 7 8 10 11 12 14 15 18 20 23 26 27 | 27.0
Long Blades    | 4 5 6 8 10 11 13 15 17 20 23 25 26 27 | 27.0
Dodging        | 3 4 5 6 8 9 11 12 13 15 16 17 22 | 22.9
Stealth        | 1 2 3 4 5 6 10 15 21 22 | 22.0
Throwing       | 2 4 |  4.9
Evocations     | 1 2 |  2.0

Action                   |  1- 3 |  4- 6 |  7- 9 | 10-12 | 13-15 | 16-18 || total
-------------------------+-------+-------+-------+-------+-------+-------++-------
Melee: Falchion          |    20 |    18 |       |    22 |       |       ||    60
       Tailslap          |     3 |     4 |    10 |    40 |    89 |     1 ||   147
       Long sword        |       |       |    47 |       |       |       ||    47
       Great sword       |       |       |       |   179 |       |       ||   179
       Triple sword      |       |       |       |    72 |   593 |    13 ||   678
       Bite              |       |       |       |       |    64 |       ||    64
Throw: Dart              |       |       |       |     4 |     3 |     4 ||    11
Invok: Berserk           |     3 |     3 |     3 |    13 |    39 |     1 ||    62
       Brothers in Arms  |       |       |     1 |     1 |     2 |     1 ||     5
       Trog's Hand       |       |       |       |       |     3 |       ||     3
 Abil: Breathe Acid      |       |       |     3 |     5 |     4 |       ||    12
Evoke: Lightning rod     |       |       |       |       |     1 |     2 ||     3
       Wand              |       |       |       |       |     1 |       ||     1
  Use: Potion            |       |       |       |     4 |    11 |     6 ||    21
       Scroll            |       |       |       |       |    13 |       ||    13
 Stab: Sleeping          |     1 |       |       |     1 |    25 |       ||    27
       Distracted        |       |       |       |       |     2 |       ||     2
       Invisible         |       |       |       |       |     5 |       ||     5
Armor: Skin              |     3 |     1 |     4 |    70 |   124 |     1 ||   203
Dodge: Dodged            |     6 |     3 |     9 |   194 |   307 |    10 ||   529

Table legend: (Time is in decaauts) A = Elapsed time spent in this place. B = Non-inter-level travel time spent in this place. C = Inter-level travel time spent in this place. D = Time resting spent in this place. E = Time spent auto-exploring this place. F = Levels seen in this place. G = Mean time per level. A B C D E F G +--------+--------+--------+--------+--------+-----+--------+ Total | 16582 | 16427 | 155 | 11567 | 1 | 1 | 16582.0 | Dungeon | 16582 | 16427 | 155 | 11567 | 1 | 1 | 16582.0 | +--------+--------+--------+--------+--------+-----+--------+

Top non-repeatable levels by time:
       D: 16582 daAuts
